 Dungeon Crawl Stone Soup version 0.32-a0-999-gfa1cc04b1d (webtiles) character file.

Game seed: 9312913186038410242

430884 TacoSundae the Impregnable (level 22, -8/215 HPs)
             Began as a Mountain Dwarf Fighter on Apr 23, 2024.
             Was the Champion of Okawaru.
             Killed from afar by a starcursed mass (10 damage)
             ... with an accursed screaming
             ... while paralysed by accursed screaming
             ... on level 3 of the Abyss on Apr 24, 2024.
             The game lasted 03:41:41 (58283 turns).

TacoSundae the Impregnable (MDFi)                  Turns: 58283, Time: 03:41:42

Health: -8/215     AC: 46    Str: 35    XL:     22   Next: 83%
Magic:  29/29      EV:  2    Int: 13    God:    Okawaru [******]
Gold:   2666       SH:  0    Dex:  9    Spells: 21/21 levels left

rFire   + + .        b - +4 demon whip (elec)
rCold   + + .        B - +2 kite shield {reflect}
rNeg    . . .        U - +6 gold dragon scales
rPois   +            T - +1 helmet {SInv}
rElec   .            K - scarf {repulsion}
rCorr   +            M - +2 pair of gloves {Str+3}
SInv    +            E - +4 pair of boots of Xom's Pride {rF+ rC+}
Will    ++...        f - amulet of regeneration Stlth
                     q - +6 ring of strength
HPRegen 0.00/turn    u - ring of resist corrosion
MPRegen 0.21/turn

%: repel missiles, reflection
@: paralysed, about to teleport, heroic, sick, hasted (expiring), glowing
A: runic magic, artefact enchanting, inability to drink after injury 1
}: 2/15 runes: barnacled, gossamer
a: Renounce Religion, Heroism, Finesse, Duel


You were on level 3 of the Abyss.
You worshipped Okawaru.
Okawaru was exalted by your worship.
You visited 8 branches of the dungeon, and saw 39 of its levels.
You visited the Abyss 1 time.
You also visited: Gauntlet and Ice Cave.

You collected 5209 gold pieces.
You spent 2543 gold pieces at shops.

Inventory:

Hand Weapons
 a - the +7 eveningstar "Urenim" {holy, rF+ Will++ Str+2 Stlth-}
   (Okawaru gifted it to you on level 3 of the Lair of Beasts)

   Str+2:     It affects your strength (+2).
   rF+:       It protects you from fire.
   Will++:    It greatly increases your willpower.
   Stlth-:    It makes you less stealthy.
 b - a +4 demon whip of electrocution (weapon)
Missiles
 d - 18 silver javelins
 A - 4 throwing nets
 G - 28 boomerangs (quivered)
 I - 6 curare-tipped darts
 J - 41 javelins
Armour
 B - a +2 kite shield of reflection (worn)
 E - the +4 pair of boots of Xom's Pride (worn) {rF+ rC+}
   (You found it on level 4 of the Spider Nest)

   rF+:       It protects you from fire.
   rC+:       It protects you from cold.
 K - a scarf of repulsion (worn)
 M - a +2 pair of gloves of strength (worn)
 S - a +1 pair of boots of flying
 T - a +1 helmet of see invisible (worn)
 U - +6 gold dragon scales (worn)
Jewellery
 f - an amulet of regeneration (around neck)
 g - a ring of protection from cold
 o - a ring of positive energy
 q - a +6 ring of strength (left hand)
 u - a ring of resist corrosion (right hand)
 O - an amulet of reflection
Wands
 h - a wand of flame (19)
 k - a wand of light (26)
 x - a wand of mindburst (21)
 F - a wand of roots (26)
 H - a wand of paralysis (42)
Scrolls
 e - 3 scrolls of fear
 j - a scroll of poison
 l - 4 scrolls of silence
 m - 4 scrolls of fog
 z - 12 scrolls of teleportation
 N - 12 scrolls of identify
 Q - a scroll of brand weapon
 V - 4 scrolls of revelation
Potions
 c - 9 potions of ambrosia
 i - 2 potions of attraction
 n - 9 potions of mutation
 r - 3 potions of haste
 s - 3 potions of enlightenment
 t - 3 potions of berserk rage
 v - 8 potions of heal wounds
 w - 4 potions of invisibility
 y - 15 potions of curing
 D - 5 potions of cancellation
 L - 5 potions of might
 P - a potion of resistance
 R - 4 potions of lignification
Miscellaneous
 W - a Gell's gravitambourine (2/2)


   Skills:
 + Level 22.1(27) Fighting
 - Level 5.8(19.1) Axes
 - Level 19.7(25.0) Maces & Flails
 - Level 11.3(16.3) Throwing
 + Level 22.9(27) Armour
 + Level 22.3(27) Shields
 - Level 10.0 Invocations
 + Level 7.7 Evocations


You had 21 spell levels left.
You didn't know any spells.
Your spell library contained the following spells:

 Spells                   Type           Power      Damage    Failure   Level
 Freeze                   Ice            0%         1d3       41%         1
 Magic Dart               Conj           0%         1d3       41%         1
 Necrotise                Necr           0%         1d4       41%         1
 Sandblast                Erth           0%         2d4       41%         1
 Cigotuvi's Dreadful Rot  Necr/Alch/Air  0%         N/A       54%         2
 Ensorcelled Hibernation  Hex/Ice        0%         N/A       54%         2
 Jinxbite                 Hex            0%         N/A       54%         2
 Mercury Vapours          Alch/Air       0%         N/A       54%         2
 Searing Ray              Conj           0%         2d4       54%         2
 Static Discharge         Conj/Air       0%         3-3/arc   54%         2
 Sublimation of Blood     Necr           0%         N/A       54%         2
 Frozen Ramparts          Ice            0%         1d1       78%         3
 Fugue of the Fallen      Necr           0%         N/A       78%         3
 Hailstorm                Conj/Ice       0%         3d5       78%         3
 Mephitic Cloud           Conj/Alch/Air  0%         N/A       78%         3
 Ozocubu's Armour         Ice            0%         N/A       78%         3
 Passwall                 Erth           0%         N/A       78%         3
 Stone Arrow              Conj/Erth      0%         3d7       78%         3
 Swiftness                Air            0%         N/A       78%         3
 Vampiric Draining        Necr           0%         2d6       78%         3
 Airstrike                Air            0%         2d(0-16)  99%         4
 Anguish                  Hex/Necr       0%         N/A       99%         4
 Cause Fear               Hex            0%         N/A       99%         4
 Fulminant Prism          Conj/Alch      0%         3d5       99%         4
 Ignite Poison            Fire/Alch      0%         N/A       99%         4
 Olgreb's Toxic Radiance  Alch           0%         N/A       99%         4
 Vhi's Electric Charge    Tloc/Air       0%         N/A       99%         4
 Arcjolt                  Conj/Air       0%         1d10      100%        5
 Curse of Agony           Necr           0%         N/A       100%        5
 Freezing Cloud           Conj/Ice/Air   0%         6-21      100%        5
 Dispersal                Tloc           0%         N/A       100%        6
 Eringya's Noxious Bog    Alch           0%         4d6       100%        6
 Gell's Gavotte           Tloc           0%         2d(11-16) 100%        6
 Plasma Beam              Fire/Air       0%         2x1d10    100%        6
 Manifold Assault         Tloc           0%         N/A       100%        7
 Ozocubu's Refrigeration  Ice            0%         4d7       100%        7
 Rimeblight               Ice/Necr       0%         2d3       (prima100%   7
 Borgnjor's Revivificati  Necr           0%         N/A       100%        8
 Discord                  Hex            0%         N/A       100%        8
 Disjunction              Tloc           0%         N/A       100%        8
 Death's Door             Necr           0%         N/A       100%        9
 Polar Vortex             Ice            0%         N/A       100%        9
 Summon Small Mammal      Summ           Unusable   N/A       N/A         1
 Call Imp                 Summ           Unusable   N/A       N/A         2
 Call Canine Familiar     Summ           Unusable   N/A       N/A         3
 Martyr's Knell           Necr/Summ      Unusable   N/A       N/A         4
 Summon Blazeheart Golem  Fire/Summ      Unusable   N/A       N/A         4
 Summon Lightning Spire   Summ/Air       Unusable   N/A       N/A         4
 Summon Forest            Summ/Tloc      Unusable   N/A       N/A         5
 Sculpt Simulacrum        Ice/Alch       Unusable   N/A       N/A         6
 Haunt                    Necr/Summ      Unusable   N/A       N/A         7
 Seismic Cannonade        Alch/Erth      Unusable   6d4       N/A         7
 Summon Hydra             Summ           Unusable   N/A       N/A         7

Dungeon Overview and Level Annotations

Branches:
Dungeon (15/15)            Temple (1/1) D:4            Lair (5/5) D:9
 Shoals (4/4) Lair:3       Spider (4/4) Lair:3        Slime (0/5) Lair:5
    Orc (2/2) D:9             Elf (0/3) Orc:2        Vaults (4/5) D:14
  Crypt (0/3) Vaults:3     Depths (4/4) D:15            Zot (0/5) Depths:4
  IceCv (visited)         Gauntlet (visited)

Altars:
Ashenzari
Cheibriados
Dithmenos
Elyvilon
Fedhas
Gozag
Hepliaklqana
Kikubaaqudgha
Makhleb
Nemelex Xobeh
Okawaru
Qazlal
Ru
Sif Muna
Trog
Uskayaw
Vehumet
Wu Jian
Xom
Yredelemnul
Zin
The Shining One
Lugonu

Shops:
D:6 *   D:10 =   Orc:2 [=*(   Vaults:2 !   Vaults:4 *

Portals:
Hell: Depths:1 Depths:2 Depths:3 Depths:4
Abyss: Depths:3
Pandemonium: Depths:2 Depths:3
Ziggurat: Depths:2
Trove: D:15 (give 14 potions of heal wounds)

Annotations:
D:7 2 transporters, ForkInBrain's ghost, amateur BaHu
Lair:1 2 transporters, jasper's ghost, journeyman DsHs
Depths:2 exclusion: 3 doors
Depths:4 1 runed translucent door


Innate Abilities, Weirdness & Mutations

Your spellcasting is much less encumbered by armour.
You can use scrolls of enchantment on lesser artefacts.
You occasionally lose the ability to drink potions when taking damage.


Message History

You destroy the starcursed mass!
Okawaru accepts your kill.
A starcursed mass splits.
You block the angel's attack. x2
You whack the small abomination!
The small abomination is moderately damaged.
You devastate the small abomination!!!
You destroy the small abomination!
Okawaru accepts your kill.
An ufetubus comes into view.
The angel hits you with a +1 whip of holy wrath!
* * * LOW HITPOINT WARNING * * *
The angel hits you but does no damage.
A starcursed mass splits. x2
The ufetubus shouts!
You thrash the small abomination!!
You destroy the small abomination!
Okawaru accepts your kill.
You barely miss the angel.
The angel is heavily wounded.
You block the angel's attack. x2
You hit the angel.
The angel is heavily wounded.
You barely miss the angel.
The angel is heavily wounded.
A starcursed mass splits.
The angel completely misses you. The angel hits you but does no damage.
You closely miss the angel.
The angel is heavily wounded.
You block the starcursed mass's attack.
A cacophony of accursed wailing tears at your sanity!
* * * LOW HITPOINT WARNING * * *
You suddenly lose the ability to move!
The angel hits you but does no damage. x2
A cacophony of accursed wailing tears at your sanity!
* * * LOW HITPOINT WARNING * * *
A starcursed mass splits.
The angel hits you but does no damage. x2
Your extra speed is starting to run out.
The angel hits you but does no damage. x2
The starcursed mass touches you but does no damage.
A cacophony of accursed wailing tears at your sanity!
You die...

.# .##. .#
# ##§.#..
. . ... #
. #....#
p.## .# .
# . #
...## .. .
#.# . #x
### # #
#..px...
.§#.# #
##p#. X§#
.# . .
######X#X#
. . #
##@AXXX# .
#.#XX#X...
.#. X#X#
.. #. ##
#X#X.~
.... #X
... .#..
XX ## ...
.# . # .
..


You could see 14 starcursed masses, an angel, a thrashing horror and a large
abomination.

Vanquished Creatures
  Mara (Depths:2)
  3 juggernauts (Depths:3)
  Mennas (Vaults:4)
  Xtahua (Depths:2)
  Boris (twice) (Vaults:1 Vaults:2)
  Bai Suzhen (Spider:4)
  2 caustic shrikes (Depths:3)
  6 golden dragons
  2 bone dragons
  Rupert (D:15)
  A tentacled monstrosity (Depths:4)
  A Hell Sentinel (Abyss:3)
  2 liches
  A walking earthen tome (Depths:3)
  Mlioglotl (Shoals:1)
  3 sphinxes
  5 tentacled starspawn
  2 shadow dragons
  3 storm dragons
  The ghost of Valrug the Brawler, a journeyman TrFi of Wu Jian (D:15)
  Aizul (Shoals:2)
  3 emperor scorpions
  A draconian scorcher (Depths:4)
  4 fire giants
  13 vault wardens
  4 frost giants
  2 draconian stormcallers (Depths:4)
  4 ghost moths
  3 orc warlords
  A reaper (Depths:2)
  3 broodmothers
  8 ironbound thunderhulks
  9 stone giants
  18 ironbound preservers
  19 very ugly things
  3 formless jellyfish
  A caustic shrike zombie (Abyss:3)
  3 spriggan defenders
  3 vampire knights
  Nessos (D:15)
  3 black draconians
  4 green draconians (Depths:4)
  A war gargoyle (Vaults:4)
  2 yellow draconians (Depths:4)
  A lorocyproca (Depths:3)
  2 purple draconians (Depths:4)
  2 red draconians (Depths:4)
  A spark wasp (Spider:3)
  A minotaur (Gauntlet)
  11 dire elephants
  3 white draconians (Depths:4)
  A blizzard demon (Abyss:3)
  7 merfolk javelineers
  4 ettins
  9 fire dragons
  8 yaktaur captains
  4 merfolk impalers
  4 great orbs of eyes
  Josephine (D:14)
  5 hydras
  8 entropy weavers
  2 hell beasts
  4 ice dragons
  7 rakshasas
  2 peacekeepers
  A jorogumo (Spider:3)
  4 spriggan air magi
  12 vault guards
  Erica (D:10)
  An ogre mage (D:15)
  A spriggan zombie (Abyss:3)
  6 radroaches
  8 ironbound frosthearts
  5 merfolk avatars
  11 two-headed ogres
  2 merfolk aquamancers (Shoals:4)
  5 centaur warriors
  9 boulder beetles
  A two-headed ogre (shapeshifter) (Depths:2)
  5 satyrs
  3 tengu warriors
  8 demonic crawlers
  2 death yaks (Lair:4)
  10 hell hogs
  3 alligator snapping turtles
  2 deep troll shamans
  2 vampire magi (Depths:3)
  7 deep troll earth magi
  10 thrashing horrors (Abyss:3)
  12 hell knights
  7 spriggan berserkers
  2 sun demons (Depths:1)
  5 soul eaters
  3 skysharks
  8 pharaoh ants
  6 iron trolls
  5 sixfirhies
  4 wretched stars (Abyss:3)
  22 sea snakes
  15 orb spiders
  A spatial maelstrom (Abyss:3)
  A shadow demon (Depths:2)
  8 arcanists
  An iron giant zombie (Abyss:3)
  61 deep trolls
  A sun moth (Spider:2)
  7 large abominations
  A quicksilver dragon simulacrum (Depths:2)
  11 ironbound convokers
  8 steelbarb worms
  2 swamp dragons (Lair:4)
  3 deep elf pyromancers
  3 phantasmal warriors
  A glowing orange brain (Depths:2)
  An orange crystal statue (Depths:1)
  21 lindwurms
  15 harpies
  2 flayed ghosts
  4 necromancers
  20 wolf spiders
  14 orc knights
  A golden dragon skeleton (Depths:2)
  3 orc sorcerers
  9 cyclopes
  2 worldbinders
  Maurice (D:10)
  14 fauns
  14 manticores
  A will-o-the-wisp (Lair:4)
  29 ugly things
  5 moths of wrath
  3 centaur zombies
  11 meliai
  4 kobold blastminers (Orc:2)
  An eye of devastation (shapeshifter) (Depths:4)
  14 vault sentinels
  6 black mambas
  6 water nymphs
  3 molten gargoyles (Lair:5)
  4 merfolk sirens
  10 torpor snails
  2 apocalypse crabs (Abyss:3)
  2 gargoyles (D:12)
  6 smoke demons
  10 elephants (Lair:3)
  2 ice statues (IceCv)
  An orange demon (Abyss:3)
  2 unseen horrors (D:12)
  Maggie (Lair:1)
  9 cane toads
  3 hellions
  3 centaur skeletons (D:15)
  An unseen horror (shapeshifter) (D:14)
  An efreet (Gauntlet)
  4 rime drakes
  18 komodo dragons
  A komodo dragon (shapeshifter) (D:14)
  16 yaktaurs
  2 freezing wraiths
  4 tengu conjurers
  An ice devil (Depths:2)
  4 ancient zymes (Abyss:3)
  A queen bee (Gauntlet)
  17 merfolk
  2 red devils (Depths:2)
  2 polar bears
  7 trolls
  6 wind drakes
  7 hornets
  33 tarantellas
  23 blink frogs
  20 jumping spiders
  A glass eye (Depths:3)
  16 raiju
  16 dream sheep
  7 snapping turtles
  40 slime creatures
  19 culicivoras
  5 small abominations (Abyss:3)
  5 spriggans
  An ettin skeleton (Depths:2)
  A vampire (D:12)
  21 water elementals
  9 wyverns
  3 fire elementals (Gauntlet)
  50 yaks
  2 ynoxinuls (Abyss:3)
  10 basilisks
  A fire bat (Abyss:3)
  A fire bat (shapeshifter) (Vaults:1)
  20 starcursed masses
  7 wraiths
  18 humans (D:14)
  2 wargs (Orc:2)
  2 neqoxecs (Abyss:3)
  7 vampire mosquitoes
  3 swamp worms (Gauntlet)
  54 redbacks
  2 steam dragons
  4 chaos spawn
  A spatial vortex (Abyss:3)
  4 acid dragons
  17 water moccasins
  5 hell hounds
  29 orc warriors
  A swamp drake (Lair:4)
  8 black bears
  4 laughing skulls
  6 ogres
  2 ice beasts
  A sky beast (D:7)
  An elf simulacrum (Vaults:1)
  9 wolves
  12 boggarts
  8 centaurs
  A weeping skull (Abyss:2)
  2 kobold brigands
  A phantom (D:4)
  2 brain worms
  21 bullfrogs
  A gnoll sergeant (D:7)
  4 cane toad simulacra (IceCv)
  A glowing shapeshifter simulacrum (Depths:2)
  A scorpion (D:7)
  5 wights (D:9)
  2 elephant simulacra (IceCv)
  12 killer bees
  2 howler monkeys (D:12)
  A bombardier beetle (D:6)
  3 crimson imps
  5 lava snakes (Lair:5)
  A hound (D:5)
  3 jellies
  7 orc priests
  3 gnoll boudas
  Jessica (D:3)
  5 hell rats
  An iguana (D:7)
  2 sleepcaps
  22 orc wizards
  15 gnolls
  7 adders
  A shadow imp (D:5)
  2 white imps
  2 ufetubi (Abyss:3)
  2 ribbon worms
  2 dart slugs
  80 orcs
  6 bats
  16 endoplasms
  2 giant cockroaches
  6 goblins
  11 hobgoblins
  2 jackals (D:1)
  5 quokkas
  4 ball pythons
  6 frilled lizards
  14 kobolds
  2 rats
  A starspawn tentacle (Abyss:3)
1717 creatures vanquished.

Vanquished Creatures (others)
  An ironbound thunderhulk (Vaults:1)
  A merfolk avatar (Shoals:2)
  A hell hog (Abyss:3)
  A vault sentinel (Vaults:2)
  A boggart (Vaults:1)
  A lurking horror (Abyss:3)
  8 starspawn tentacles
14 creatures vanquished.

Grand Total: 1731 creatures vanquished

Notes
Turn   | Place    | Note
-------+----------+-------------------------------------------
     0 | D:1      | TacoSundae the Mountain Dwarf Fighter began the quest for
                  | the Orb.
     0 | D:1      | Reached XP level 1. HP: 19/19 MP: 1/1
   124 | D:1      | Reached XP level 2. HP: 22/26 MP: 2/2
   583 | D:1      | Reached XP level 3. HP: 25/31 MP: 3/3
  1085 | D:2      | Reached skill level 5 in Maces & Flails
  1314 | D:2      | Reached XP level 4. HP: 38/38 MP: 4/4
  1829 | D:3      | Noticed Jessica
  1831 | D:3      | Killed Jessica
  1851 | D:3      | Found a faded altar of an unknown god.
  2401 | D:4      | Reached XP level 5. HP: 35/45 MP: 5/5
  2460 | D:4      | Noticed an ogre
  2475 | D:4      | Noticed an ogre
  2478 | D:4      | Killed an ogre
  2483 | D:4      | Killed an ogre
  2484 | D:4      | Reached XP level 6. HP: 19/51 MP: 6/6
  2987 | D:4      | Found a shadowy altar of Dithmenos.
  3015 | D:4      | Found a blossoming altar of Fedhas.
  3020 | D:4      | Found a sparkling altar of Nemelex Xobeh.
  3024 | D:4      | Found a staircase to the Ecumenical Temple.
  3034 | D:4      | Found a glowing golden altar of the Shining One.
  3042 | Temple   | Entered the Ecumenical Temple
  3060 | Temple   | Became a worshipper of Warmaster Okawaru
  3330 | D:4      | Reached XP level 7. HP: 42/58 MP: 7/7
  3589 | D:5      | Entered Level 5 of the Dungeon
  3819 | D:5      | Found a snail-covered altar of Cheibriados.
  3966 | D:5      | Found a burning altar of Makhleb.
  3967 | D:5      | Found a radiant altar of Vehumet.
  4079 | D:5      | Noticed a yak
  4080 | D:5      | Noticed a yak
  4080 | D:5      | Noticed a yak
  4097 | D:5      | Killed a yak
  4103 | D:5      | Killed a yak
  4103 | D:5      | Reached * piety under Okawaru
  4104 | D:5      | Reached XP level 8. HP: 58/67 MP: 8/8
  4109 | D:5      | Reached skill level 5 in Armour
  4295 | D:5      | Reached skill level 5 in Fighting
  4295 | D:5      | Reached skill level 5 in Shields
  5108 | D:6      | Reached ** piety under Okawaru
  5266 | D:6      | Reached skill level 10 in Maces & Flails
  5643 | D:6      | Reached skill level 1 in Invocations
  5810 | D:6      | You fall into a shaft and drop 1 floor!
  5893 | D:6      | Reached XP level 9. HP: 40/75 MP: 10/10
  6065 | D:6      | Found Caowefod's Fire Supplies.
  6079 | D:6      | Found an ornate altar of the Wu Jian Council.
  6415 | D:7      | Found a sacrificial altar of Ru.
  6419 | D:7      | Reached *** piety under Okawaru
  6424 | D:7      | Found a white marble altar of Elyvilon.
  6540 | D:7      | Noticed a moth of wrath
  6541 | D:7      | Noticed ForkInBrain's ghost (amateur BaHu)
  6550 | D:7      | Found a transporter.
  6551 | D:7      | Found a bloodstained altar of Trog.
  6558 | D:7      | Found a transporter.
  7332 | D:8      | Identified the +3 war axe "Erchaoh" {flame, rPois Str+2}
  8110 | D:9      | Reached skill level 5 in Invocations
  8155 | D:9      | Reached XP level 10. HP: 74/88 MP: 12/14
  8174 | D:9      | Reached **** piety under Okawaru
  8460 | D:9      | Found a staircase to the Lair.
  9346 | D:9      | Found a faded altar of an unknown god.
  9531 | D:9      | Found a faded altar of an unknown god.
  9531 | D:9      | Found a hazy altar of Hepliaklqana.
  9702 | D:9      | Found a staircase to the Orcish Mines.
 10153 | D:10     | Entered Level 10 of the Dungeon
 10187 | D:10     | Noticed Erica
 10198 | D:10     | Killed Erica
 10198 | D:10     | Reached ***** piety under Okawaru
 10520 | D:10     | Noticed Maurice
 10561 | D:10     | Killed Maurice
 10842 | D:10     | Found Boefairr's Jewellery Emporium.
 11286 | D:10     | Noticed a lindwurm
 11286 | D:10     | Noticed a lindwurm
 11517 | D:10     | Noticed a lindwurm
 11599 | D:11     | Noticed a cyclops
 11612 | D:11     | Killed a cyclops
 11612 | D:11     | Received a gift from Okawaru
 11613 | D:11     | Reached XP level 11. HP: 73/97 MP: 15/17
 11817 | D:11     | Noticed a boulder beetle
 11918 | Lair:1   | Entered Level 1 of the Lair of Beasts
 12264 | Lair:1   | Noticed Maggie
 13259 | Lair:1   | Killed Maggie
 13260 | Lair:1   | Reached skill level 10 in Fighting
 13260 | Lair:1   | Reached skill level 10 in Armour
 13340 | Lair:1   | Received a gift from Okawaru
 13443 | Lair:1   | Found a transporter.
 13570 | Lair:1   | Identified the +5 long sword of Osenwal {freeze, rElec
                  | Str-3 Int+2 Stlth+}
 13609 | Lair:1   | Noticed jasper's ghost (journeyman DsHs)
 13850 | Lair:1   | You fall into a shaft and drop 1 floor!
 13863 | Lair:2   | Noticed a six-headed hydra
 13876 | Lair:2   | Killed a two-headed hydra
 14047 | Lair:2   | Received a gift from Okawaru
 14340 | Lair:1   | Reached XP level 12. HP: 84/108 MP: 18/18
 14471 | Lair:1   | Found a transporter.
 14755 | Lair:2   | Noticed a seven-headed hydra
 14761 | Lair:2   | Killed a four-headed hydra
 15612 | Lair:3   | Received a gift from Okawaru
 15669 | Lair:3   | Found a staircase to the Shoals.
 15725 | Lair:3   | Identified the +0 hand axe "Ogrebane" {speed, rN++ Will+
                  | Int+3 Dex-3}
 15804 | Lair:3   | Reached skill level 1 in Axes
 15841 | Lair:3   | Received a gift from Okawaru
 15862 | Lair:3   | Noticed a four-headed hydra
 15870 | Lair:3   | Killed a one-headed hydra
 15901 | Lair:3   | Found a frozen archway.
 15927 | IceCv    | Entered an ice cave
 15945 | IceCv    | Received a gift from Okawaru
 16098 | IceCv    | Found a transporter.
 16106 | IceCv    | Identified the serpent talisman "Luha" {Will++ rCorr}
 16107 | IceCv    | Found a transporter.
 16271 | Lair:3   | Reached XP level 13. HP: 86/118 MP: 19/19
 16801 | Lair:3   | Reached skill level 5 in Axes
 16809 | Lair:3   | Reached skill level 10 in Shields
 16810 | Lair:3   | Found a hole to the Spider Nest.
 17218 | Lair:3   | Reached ****** piety under Okawaru
 17218 | Lair:3   | Received a gift from Okawaru
 17236 | Lair:3   | Acquired the +5 eveningstar "Urenim" {holy, rF+ Will++
                  | Str+2 Stlth-}
 17236 | Lair:3   | Received a gift from Okawaru
 18012 | Lair:4   | Received a gift from Okawaru
 18335 | Lair:4   | Acquired a +2 pair of gloves of strength
 18335 | Lair:4   | Received a gift from Okawaru
 18722 | Lair:5   | Entered Level 5 of the Lair of Beasts
 18749 | Lair:5   | Reached skill level 10 in Invocations
 18753 | Lair:5   | Found a staircase to the Slime Pits.
 18916 | Lair:5   | Reached skill level 15 in Maces & Flails
 18975 | Lair:5   | Received a gift from Okawaru
 18989 | Lair:5   | Found a large runed translucent door.
 18990 | Lair:5   | Found a large runed translucent door.
 18991 | Lair:5   | Noticed a fire dragon
 19038 | Lair:5   | Reached skill level 1 in Throwing
 19379 | Lair:5   | Reached XP level 14. HP: 98/129 MP: 21/21
 20216 | Lair:5   | Received a gift from Okawaru
 20278 | Lair:5   | Identified the +10 glaive of Zynkodgh {spect, rElec rCorr
                  | Dex+2 Stlth+}
 20641 | D:10     | Bought a ring of flight for 245 gold pieces
 20641 | D:10     | Bought an amulet of reflection for 420 gold pieces
 22673 | D:12     | Noticed a storm dragon
 22681 | D:12     | Killed a storm dragon
 22712 | D:12     | Received a gift from Okawaru
 22907 | D:12     | Identified the ring "Tonkek" {rC- rCorr Str+8 Int+4}
 24088 | D:13     | Received a gift from Okawaru
 24373 | Orc:1    | Entered Level 1 of the Orcish Mines
 24738 | Orc:2    | Entered Level 2 of the Orcish Mines
 24762 | Orc:2    | Found Biataziph's General Store.
 24846 | Orc:2    | Found a staircase to the Elven Halls.
 24868 | Orc:2    | Reached XP level 15. HP: 113/139 MP: 22/22
 24938 | Orc:2    | Found Egehuutu's Antique Armour Boutique.
 24991 | Orc:2    | Found Ono Soca's Antique Weapon Emporium.
 25196 | Orc:2    | Found Pygoicam's Jewellery Boutique.
 25196 | Orc:2    | Found a gate leading to a gauntlet.
 25209 | Gauntlet | Entered a Gauntlet
 25209 | Gauntlet | Found a transporter.
 25209 | Gauntlet | Found a transporter.
 25298 | Gauntlet | Found a transporter.
 25299 | Gauntlet | Found a transporter.
 25300 | Gauntlet | Found a large runed translucent door.
 25301 | Gauntlet | Found a large runed translucent door.
 25302 | Gauntlet | Found a large runed translucent door.
 25302 | Gauntlet | Found a large runed translucent door.
 25302 | Gauntlet | Found a runed translucent door.
 25303 | Gauntlet | Found a large runed translucent door.
 25304 | Gauntlet | Found a large runed translucent door.
 25306 | Gauntlet | Found a transporter.
 25325 | Gauntlet | Found a runed translucent door.
 25326 | Gauntlet | Found a large runed translucent door.
 25326 | Gauntlet | Found a large runed translucent door.
 25326 | Gauntlet | Found a large runed translucent door.
 25327 | Gauntlet | Found a large runed translucent door.
 25328 | Gauntlet | Found a large runed translucent door.
 25328 | Gauntlet | Found a transporter.
 25342 | Gauntlet | Found a large runed translucent door.
 25343 | Gauntlet | Found a large runed translucent door.
 25343 | Gauntlet | Found a large runed translucent door.
 25343 | Gauntlet | Found a large runed translucent door.
 25345 | Gauntlet | Found a runed translucent gate.
 25345 | Gauntlet | Found a runed translucent gate.
 25345 | Gauntlet | Found a runed translucent gate.
 25347 | Gauntlet | Found a transporter.
 25351 | Gauntlet | Found a transporter.
 25357 | Gauntlet | Found a transporter.
 25357 | Gauntlet | Found a transporter.
 25388 | Gauntlet | Found a transporter.
 25463 | Gauntlet | Found a transporter.
 25482 | Gauntlet | Found a transporter.
 25589 | Gauntlet | Found a transporter.
 25612 | Gauntlet | Found a transporter.
 25620 | Gauntlet | Found a transporter.
 25622 | Gauntlet | Found a large runed translucent door.
 26130 | Gauntlet | Received a gift from Okawaru
 26203 | Orc:2    | Bought a ring of poison resistance for 280 gold pieces
 27118 | Orc:2    | Bought a scroll of acquirement for 572 gold pieces
 27118 | Orc:2    | Acquired 838 gold pieces
 27120 | Orc:2    | Bought a potion of heal wounds for 55 gold pieces
 27120 | Orc:2    | Bought a potion of heal wounds for 55 gold pieces
 27426 | D:14     | Reached skill level 15 in Fighting
 27426 | D:14     | Reached skill level 15 in Armour
 27426 | D:14     | Noticed Josephine
 27449 | D:14     | Killed Josephine
 27661 | D:14     | Received a gift from Okawaru
 27724 | D:14     | Found a gate to the Vaults.
 27731 | D:14     | Identified the +0 pair of gloves "Zenot" {Slay+2}
 28094 | Orc:2    | Bought an amulet of regeneration for 420 gold pieces
 28404 | D:14     | Found a basalt altar of Yredelemnul.
 28533 | D:14     | Found a white marble altar of Elyvilon.
 28832 | Spider:1 | Entered Level 1 of the Spider Nest
 29132 | Spider:1 | Received a gift from Okawaru
 29425 | Spider:1 | Gained mutation: You occasionally lose the ability to drink
                  | potions when taking damage. [mutagenic glow]
 29573 | Spider:1 | Reached XP level 16. HP: 151/151 MP: 23/23
 29628 | Spider:1 | Received a gift from Okawaru
 30112 | Spider:2 | Received a gift from Okawaru
 30557 | Spider:2 | Reached skill level 15 in Shields
 31172 | Spider:3 | Received a gift from Okawaru
 32771 | Spider:4 | Entered Level 4 of the Spider Nest
 32948 | Spider:4 | Noticed Bai Suzhen
 32958 | Spider:3 | Received a gift from Okawaru
 33234 | Spider:3 | Reached XP level 17. HP: 98/159 MP: 24/24
 33707 | Spider:4 | Received a gift from Okawaru
 33902 | Spider:4 | Killed Bai Suzhen
 34563 | Spider:4 | Got a gossamer rune of Zot
 34589 | Spider:4 | Identified the +4 pair of boots of Xom's Pride {rF+ rC+}
 34918 | D:15     | Entered Level 15 of the Dungeon
 34955 | D:15     | Found a runed translucent door.
 35000 | D:15     | Noticed Nessos
 35023 | D:15     | Received a gift from Okawaru
 35033 | D:15     | Killed Nessos
 35084 | D:15     | Found a staircase to the Depths.
 35108 | D:15     | Found a broken altar of Ashenzari.
 35359 | D:15     | Noticed Valrug's ghost (journeyman TrFi)
 35376 | D:15     | Killed Valrug's ghost
 35506 | D:15     | Found a hide-covered altar of Uskayaw.
 35679 | D:15     | Found a portal to a secret trove of treasure.
 35710 | D:15     | Noticed Rupert
 35732 | D:15     | Killed Rupert
 36204 | Shoals:1 | Entered Level 1 of the Shoals
 36278 | Lair:3   | Upgraded the game from 0.32-a0-996-gb3226c233f to
                  | 0.32-a0-999-gfa1cc04b1d
 36355 | Shoals:1 | Received a gift from Okawaru
 36591 | Shoals:1 | Noticed Mlioglotl
 36613 | Shoals:1 | Killed Mlioglotl
 37450 | Shoals:2 | Received a gift from Okawaru
 37649 | Shoals:2 | Reached XP level 18. HP: 173/173 MP: 25/25
 38129 | Shoals:3 | Identified the serpent talisman of Weffic {rElec Str+3
                  | Dex-2 Slay+4}
 38129 | Shoals:3 | Noticed Aizul
 38149 | Shoals:2 | Killed Aizul
 38471 | Shoals:3 | Received a gift from Okawaru
 39048 | Shoals:4 | Entered Level 4 of the Shoals
 39678 | Shoals:4 | Received a gift from Okawaru
 39982 | Shoals:4 | Got a barnacled rune of Zot
 40867 | Depths:1 | Entered Level 1 of the Depths
 41247 | Depths:1 | Received a gift from Okawaru
 41929 | Depths:1 | Received a gift from Okawaru
 41929 | Depths:1 | Identified the +4 demon blade of Law {elec, Dex+2}
 41973 | Depths:1 | Reached XP level 19. HP: 129/183 MP: 26/26
 42130 | Depths:1 | Found a gateway to Hell.
 42175 | Depths:1 | Identified the +1 hand axe "Feshroemm" {drain, rCorr SInv}
 42616 | Depths:2 | Found a one-way gate leading to the halls of Pandemonium.
 43073 | Depths:1 | Identified the +9 quarterstaff "Xouwaq" {holy, *Slow +Blink
                  | rCorr Int+3}
 43155 | Depths:2 | Found a bloodstained altar of Trog.
 43176 | Depths:2 | Found a one-way gateway to a ziggurat.
 43389 | Depths:2 | Noticed Mara
 43395 | Depths:2 | Noticed TacoSundae's illusion
 43417 | Depths:2 | Killed Mara
 43418 | Depths:2 | Reached skill level 5 in Throwing
 43501 | Depths:2 | Received a gift from Okawaru
 44050 | Depths:2 | Found the +7 sceptre of Torment {pain, torment}
 44057 | Depths:2 | Got the Precepts of Becharmed Pollution
 44495 | Depths:3 | Found a corrupted altar of Lugonu.
 44495 | Depths:3 | Found a one-way gate to the infinite horrors of the Abyss.
 44501 | Depths:3 | Noticed Xtahua
 44530 | Depths:2 | Killed Xtahua
 44530 | Depths:2 | Received a gift from Okawaru
 44855 | Depths:3 | Noticed a juggernaut
 44879 | Depths:3 | Killed a juggernaut
 45004 | Depths:3 | Noticed a juggernaut
 45051 | Depths:3 | Killed a juggernaut
 45319 | Depths:3 | Noticed a golden dragon
 45321 | Depths:3 | Noticed a caustic shrike
 45325 | Depths:3 | Noticed a juggernaut
 45346 | Depths:3 | Killed a juggernaut
 45346 | Depths:3 | Received a gift from Okawaru
 45373 | Depths:3 | Killed a caustic shrike
 45561 | Depths:3 | Killed a golden dragon
 45689 | Depths:3 | Reached XP level 20. HP: 193/193 MP: 27/27
 45706 | Depths:3 | Identified the +12 plate armour of Sif Muna's Indignation
                  | {rC- Dex+4}
 45910 | Depths:3 | Noticed a caustic shrike
 45928 | Depths:3 | Killed a caustic shrike
 46298 | Depths:4 | Entered Level 4 of the Depths
 46306 | Depths:4 | Noticed a golden dragon
 46306 | Depths:4 | Noticed a golden dragon
 46330 | Depths:3 | Killed a golden dragon
 46441 | Depths:3 | Received a gift from Okawaru
 46497 | Depths:4 | Killed a golden dragon
 46704 | Vaults:1 | Entered Level 1 of the Vaults
 46726 | Vaults:1 | Identified the +4 robe of Autumn {Will+ Archmagi}
 46726 | Vaults:1 | Noticed Boris
 46864 | Vaults:1 | Killed Boris
 47826 | Vaults:1 | Received a gift from Okawaru
 48645 | Vaults:2 | Received a gift from Okawaru
 49013 | Vaults:2 | Identified the +1 scale mail of the Lost Invaders {Int+2}
 49122 | Vaults:2 | Identified the +4 robe "Hofy" {+Inv MP+9 Int-5 Dex+4}
 49122 | Vaults:2 | Noticed Boris
 49138 | Vaults:2 | Killed Boris
 49823 | Vaults:2 | Found Inixuc's Distillery.
 49848 | Vaults:2 | Bought a potion of might for 52 gold pieces
 49848 | Vaults:2 | Bought a potion of curing for 39 gold pieces
 49848 | Vaults:2 | Bought a potion of curing for 39 gold pieces
 49848 | Vaults:2 | Bought a potion of haste for 130 gold pieces
 49848 | Vaults:2 | Bought a potion of curing for 39 gold pieces
 49848 | Vaults:2 | Bought a potion of heal wounds for 65 gold pieces
 50307 | Vaults:3 | Reached skill level 10 in Throwing
 50343 | Vaults:3 | Found a staircase to the Crypt.
 50343 | Vaults:3 | Found an ancient bone altar of Kikubaaqudgha.
 50344 | Vaults:3 | Found a basalt altar of Yredelemnul.
 50525 | Vaults:3 | Received a gift from Okawaru
 50616 | Vaults:3 | Reached XP level 21. HP: 202/202 MP: 28/28
 50620 | Vaults:3 | Paralysed by a formless jellyfish for 1 turns
 51646 | Vaults:3 | Paralysed by a sphinx for 3 turns
 51661 | Vaults:3 | Received a gift from Okawaru
 53105 | Vaults:4 | Noticed Mennas
 53112 | Vaults:3 | Received a gift from Okawaru
 53210 | Vaults:4 | Killed Mennas
 53487 | Vaults:4 | Found Qeum's Assorted Antiques.
 53576 | Vaults:4 | Bought a potion of might for 132 gold pieces
 53767 | Vaults:4 | Reached skill level 1 in Evocations
 54211 | Depths:4 | Noticed a golden dragon
 55182 | Depths:4 | Received a gift from Okawaru
 55252 | Depths:4 | Reached XP level 22. HP: 212/213 MP: 29/29
 55553 | Depths:4 | Noticed a golden dragon
 55557 | Depths:4 | Noticed a golden dragon
 55978 | Depths:4 | Killed a golden dragon
 56268 | Depths:4 | Reached skill level 5 in Evocations
 56304 | Depths:4 | Killed a golden dragon
 56378 | Depths:4 | Found a runed translucent door.
 56379 | Depths:4 | Found a runed translucent door.
 56379 | Depths:4 | Found a runed translucent door.
 56387 | Depths:4 | Received a gift from Okawaru
 56414 | Depths:4 | Found a runed translucent door.
 56519 | Depths:4 | Found a runed translucent door.
 56522 | Depths:4 | Found a runed translucent door.
 56589 | Depths:4 | Killed a golden dragon
 56626 | Depths:4 | Found a gate to the Realm of Zot.
 56961 | Depths:3 | Voluntarily entered the Abyss.
 57121 | Abyss:2  | Found a corrupted altar of Lugonu.
 57508 | Abyss:3  | Received a gift from Okawaru
 58248 | Abyss:3  | Paralysed by accursed screaming for 1 turns
 58266 | Abyss:3  | Paralysed by accursed screaming for 1 turns
 58281 | Abyss:3  | Paralysed by accursed screaming for 2 turns
 58282 | Abyss:3  | HP: 2/215 [starcursed mass/accursed screaming (15)]
 58283 | Abyss:3  | Killed from afar by a starcursed mass

Illustrated notes

Levels and vault maps discovered:
D:1:      tarquinn_simple_flora_water_b, layout_loops_ring
D:2:      layout_loops_corners, minmay_misc_feat_x
D:3:      layout_basic, dreamdust_ecumenical_altar_grove, uniq_jessica
D:4:      layout_basic, nicolae_overflow_macrodata_refinement,
          minmay_temple_entry_butterflies, hangedman_decor_clover_reticule
D:5:      layout_rooms, grunt_temple_overflow_lords_of_destruction,
          kennysheep_little_box, lexackson_kobold_supper
D:6:      layout_loops_cross, pdpol_wu_jian_five_deadly_venoms,
          nicolae_eternal_life, nicolae_shop_fire_sale [nicolae_sub_dead_trees],
          kennysheep_dice
D:7:      layout_gridville, jmf_multi_god_temple2,
          gammafunk_ghost_wrathful_warriors
D:8:      layout_loops_cross
D:9:      layout_layer_cave, nicolae_hepliaklqana_ecumenical_no_more,
          due_lair_maze_entry_diamond, orc_0_dummy,
          nicolae_houndstooth_variations
D:10:     layout_stronghold, serial_shops, nicolae_stop_n_shop_1,
          minmay_lindwurm_lava, uniq_erica, uniq_maurice
D:11:     layout_roguey, st_stairs_11, grunt_decor_resistance
D:12:     layout_long_grid, evilmike_minifort
D:13:     layout_loops_corners
D:14:     layout_cave_pools, grunt_vaults_entry_tiered,
          nicolae_elyvilon_temple_path, lemuel_zombie_altar_yredelemnul,
          uniq_josephine
D:15:     grunt_enter_depths_magical_seal, layout_basic, enter_trove_6,
          gammafunk_ghost_grave, ashenzari_altar_1, grunt_decor_junction,
          nicolae_uskayaw_en_pointe, uniq_rupert, uniq_nessos
Temple:   bh_familiar_temple
Lair:1:   layout_chaotic_city, gammafunk_ghost_arena, uniq_maggie
Lair:2:   layout_chaotic_city, beast_lair_carwin_11, grunt_megastairs_1
Lair:3:   layout_loops_ring, minmay_shoals_entry_centaurs,
          hellmonk_spider_entry_not_the_bees, portal_ice_cave_entry_pillars_2,
          beast_lair_carwin_8
Lair:4:   layout_concentric_octagons, pond, serial_bayou_shore_b,
          infiniplex_staircase_pool, grunt_megastairs_4
Lair:5:   cheibrodos_lair_end_hotspot, layout_layer_cave, slime_entry_1
Shoals:1: layout_shoals, uniq_mlioglotl
Shoals:2: layout_shoals, nicolae_shoals_water_elemental_grotto
Shoals:3: nicolae_shoals_aurelia_aurita, layout_shoals, uniq_aizul
Shoals:4: shoals_end_grunt_ice, layout_shoals
Spider:1: layout_spider_delve, drop_trap, nicolae_spider_orb_run
Spider:2: layout_cave_pods
Spider:3: layout_chambers, drop_trap
Spider:4: hellmonk_spider_rune_bug_friends, uniq_bai_suzhen
Orc:1:    cheibrodos_orc_bank, layout_caves
Orc:2:    grunt_orc_gardens, layout_diamond_mine, grunt_orc_garden,
          grunt_orc_garden, grunt_orc_garden, grunt_orc_garden,
          gauntlet_entry_generic
Vaults:1: nicolae_vaults_storage_closets_1, vaults_standard_mumra_lines,
          nicolae_vaults_diamond_2, v_misc_3, nicolae_vaults_tangram_2,
          nicolae_vaults_surprise_closet, v_pattern_2, serial_ice_g,
          nicolae_vaults_closet_pinwheel_6, nicolae_vaults_circle_grid_b,
          layout_vaults_omnibox, uniq_boris
Vaults:2: nicolae_vaults_six-pack, ontoclasm_vaults_tryst, v_misc_30, v_misc_26,
          nicolae_vaults_frosty_reception, nicolae_vaults_two_Ls,
          nicolae_vaults_double_plus_2, nicolae_vaults_sesquioval_fish,
          layout_vaults_quadrants, serial_shops, nicolae_lakefront_shop
Vaults:3: vaults_dpeg_cross, nicolae_vaults_little_squares_6,
          hangedman_vaults_pinch, dpeg_vaults_monster_row,
          minmay_crypt_entry_necro_gods, v_pattern_5, grunt_vaults_bifocal,
          nicolae_vaults_network_periphery, hangedman_vaults_corner,
          nicolae_vaults_turnstiles, nicolae_vaults_double_plus_3, v_misc_16,
          layout_vaults_maze
Vaults:4: nicolae_vaults_fighting_squares, nicolae_vaults_meiosis,
          nicolae_vaults_asterisk, nicolae_vaults_closet_pinwheel_5,
          nicolae_vaults_trapezoid_4, nicolae_vaults_stairing_the_circle,
          v_misc_30, nicolae_vaults_closet_pinwheel_3, v_misc_5,
          nicolae_vaults_variable_pillar_hall, layout_vaults_omnicross,
          serial_shops, shop, uniq_mennas
Depths:1: layout_roguey, hellmouth_2, glass_columns_b, dpeg_stationary_puzzle,
          firewood_loft
Depths:2: kennysheep_demon_jail, layout_gridlike, enter_ziggurat_e,
          grunt_pan_entry_zigzag, hangedman_coc_ice_floe, bloody_trog,
          infiniplex_staircase_diamond, grunt_megastairs_5, uniq_mara
Depths:3: minmay_strange_plus, layout_gridlike, pf_hell_entry_great_geh,
          abyss_entry_flame_altar, rand_demon_pan_entry_8,
          minmay_misc_feat_cross, infiniplex_staircase_zigzag_3, uniq_xtahua
Depths:4: evilmike_zot_entry_castle, layout_long_grid, serial_bayou_pond_c,
          hell_entry
Abyss:3:  base: D:4, evilmike_abyss_exit_12, hangedman_elemental_corridor,
          evilmike_abyss_exit_4

Skill      XL: |  1  2  3  4  5  6  7  8  9 10 11 12 13 14 15 16 17 18 19 20 21 22 |
---------------+-------------------------------------------------------------------+-----
Maces & Flails | 3 4 5 6 8 9 10 11 12 13 14 15 16 17 18 19 | 19.7
Fighting       | 4 6 7 9 10 12 13 14 16 17 18 19 20 21 22 | 22.1
Armour         | 4 6 7 9 10 12 13 14 16 17 18 19 20 21 22 | 22.9
Shields        | 4 5 7 9 11 12 14 15 17 18 19 20 21 22 | 22.3
Invocations    | 2 5 8 10 | 10.0
Axes           | 4 5 |  5.8
Throwing       | 1 2 3 7 10 11 | 11.3
Evocations     | 3 7 |  7.7

Action                     |  1- 3 |  4- 6 |  7- 9 | 10-12 | 13-15 | 16-18 | 19-21 | 22-24 || total
---------------------------+-------+-------+-------+-------+-------+-------+-------+-------++-------
  Melee: Flail             |   132 |   193 |   412 |   380 |       |       |       |       ||  1117
         War axe           |       |       |       |   360 |   187 |       |       |       ||   547
         Eveningstar       |       |       |       |       |  1333 |  1876 |  1029 |   502 ||  4740
         Demon whip        |       |       |       |       |       |       |  1353 |   273 ||  1626
         Unarmed           |       |       |       |       |       |       |     7 |       ||     7
  Throw: Throwing net      |       |       |       |     1 |       |       |       |       ||     1
         Boomerang         |       |       |       |       |       |   109 |    24 |       ||   133
 Invoke: Heroism           |       |       |     2 |    12 |     3 |     3 |     2 |     1 ||    23
         Finesse           |       |       |       |     1 |       |     6 |     6 |     1 ||    14
         Receive Weapon    |       |       |       |       |     1 |       |       |       ||     1
         Receive Armour    |       |       |       |       |     1 |       |       |       ||     1
  Evoke: Wand              |       |       |     1 |     4 |       |       |       |       ||     5
    Use: Potion            |       |     1 |     2 |     5 |     2 |     5 |     6 |     1 ||    22
         Scroll            |       |       |    16 |     6 |     8 |     3 |    11 |     1 ||    45
   Stab: Invisible         |       |       |       |     2 |       |       |       |       ||     2
         Paralysed         |       |       |       |       |       |       |       |     1 ||     1
 Armour: Scale mail        |    90 |    19 |       |       |       |       |       |       ||   109
         Chain mail        |       |   159 |   229 |   355 |       |       |       |       ||   743
         Plate armour      |       |       |       |   279 |   884 |  1311 |   438 |       ||  2912
         Gold dragon scale |       |       |       |       |       |       |   836 |   485 ||  1321
         Skin              |       |       |       |       |       |       |     2 |       ||     2
  Dodge: Dodged            |    58 |    58 |    95 |   186 |   269 |   390 |   272 |   115 ||  1443
         Repelled          |       |       |       |       |       |    63 |    59 |    37 ||   159
  Block: Buckler           |    29 |    40 |    61 |    92 |       |       |       |       ||   222
         Kite shield       |       |       |       |   159 |   942 |  1216 |  1153 |   435 ||  3905
         Reflection        |       |       |       |       |    37 |    61 |    33 |     4 ||   135

Table legend: (Time is in decaauts)
 A = Elapsed time spent in this place.
 B = Non-inter-level travel time spent in this place.
 C = Inter-level travel time spent in this place.
 D = Time resting spent in this place.
 E = Time spent auto-exploring this place.
 F = Levels seen in this place.
 G = Mean time per level.
                   A        B        C        D        E       F      G
               +--------+--------+--------+--------+--------+-----+--------+
         Total |  56218 |  52128 |   4090 |   7053 |  22858 |  44 | 1277.7 |
       Dungeon |  20421 |  18349 |   2072 |   2733 |  10794 |  15 | 1361.4 |
        Temple |     35 |      1 |     34 |      0 |      0 |   1 |   35.0 |
          Lair |   7267 |   6856 |    411 |    658 |   3748 |   5 | 1453.4 |
        Shoals |   4415 |   4254 |    161 |    340 |   1566 |   4 | 1103.8 |
   Spider Nest |   5567 |   5354 |    213 |    814 |   1983 |   4 | 1391.8 |
  Orcish Mines |   1946 |   1651 |    295 |      0 |    980 |   2 |  973.0 |
        Vaults |   6363 |   5967 |    396 |    621 |   1997 |   4 | 1590.8 |
        Depths |   7905 |   7400 |    505 |   1504 |   1671 |   4 | 1976.2 |
         Abyss |   1097 |   1097 |      0 |     48 |    117 |   3 |  365.7 |
      Ice Cave |    253 |    253 |      0 |    131 |      0 |   1 |  253.0 |
      Gauntlet |    944 |    944 |      0 |    202 |      0 |   1 |  944.0 |
               +--------+--------+--------+--------+--------+-----+--------+

Top non-repeatable levels by time:
     D:9: 3555 daAuts
Spider:3: 2474 daAuts
Depths:4: 2275 daAuts
Depths:3: 2140 daAuts
Depths:2: 2124 daAuts
  Lair:3: 2042 daAuts
    D:10: 1917 daAuts
Vaults:2: 1778 daAuts
Vaults:4: 1740 daAuts
  Lair:5: 1728 daAuts
     D:6: 1618 daAuts
Vaults:3: 1563 daAuts
    D:12: 1532 daAuts
    D:15: 1511 daAuts
Shoals:4: 1474 daAuts
